Map: Ruins of Endion

Players

AureS

  • Race: Terran Terran
  • League: Master

ThisGameSuck - Winner!

  • Race: Protoss Protoss
  • League: Grandmaster

VOD

Have the link to the VOD?

Description

Time

  • Played on: June 30, 2016, 4:27 p.m.
  • Length: 12:08
Show
View Real Time Build Order
Export as new Build Order

AureS Terran 

Build Orders: MMM Bio 

Get SALT Encoding   

  12  0:01  SCV  
  13  0:13  SCV  
  14  0:18  Supply Depot  
  14  0:25  SCV  
  15  0:39  SCV  
  15  0:41  Barracks  
  16  0:45  Refinery  
  16  0:51  SCV  
  17  1:03  SCV  
  18  1:15  SCV  
  19  1:28  Marine, Orbital Command  
  20  1:33  Supply Depot  
  20  1:45  Factory  
  20  1:46  Marine  
  21  1:54  SCV  
  21  2:00  Supply Depot  
  22  2:04  Marine  
  23  2:11  SCV  
  24  2:21  Marine  
  25  2:25  SCV  
  25  2:29  Hellion  
  28  2:31  Starport  
  27  2:37  SCV  
  27  2:39  Marine  
  29  2:49  SCV  
  29  2:50  Hellion  
  29  2:51  Supply Depot  
  32  2:57  Marine  
  33  3:01  SCV  
  34  3:07  Medivac  
  34  3:12  Hellion  
  38  3:13  SCV  
  38  3:15  Marine  
  40  3:26  Command Center, SCV  
  41  3:33  Barracks Reactor  
  41  3:34  Refinery  
  41  3:38  SCV  
  42  3:51  Factory Tech Lab  
  42  3:52  Barracks, SCV  
  42  3:54  Barracks  
  43  4:01  Supply Depot, Engineering Bay  
  43  4:04  SCV  
  42  4:18  Marine x2  
  40  4:32  SCV  
  40  4:33  Starport Reactor  
  40  4:36  Marine x2  
  41  4:42  Barracks Tech Lab  
  36  4:47  Factory Reactor  
  36  4:50  Barracks  
  36  4:51  Barracks  
  34  4:54  Marine x2  
  34  4:56  Bunker  
  36  5:01  Orbital Command  
  36  5:06  Stimpack  
  36  5:10  SCV  
  37  5:16  Terran Infantry Weapons Level 1  
  39  5:21  Refinery, Marauder  
  39  5:24  Marauder  
  39  5:28  Marine x2  
  41  5:30  SCV  
  41  5:31  SCV  
  42  5:49  Barracks Tech Lab  
  39  5:54  Marine x2, Marauder x2  
  45  5:59  SCV x2  
  45  6:00  Medivac  
  47  6:13  Marine x2, Marauder  
  47  6:15  Marauder  
  53  6:19  SCV  
  53  6:20  SCV  
  53  6:23  Medivac  
  57  6:32  SCV x2  
  59  6:44  Medivac, SCV x2  
  63  6:52  Supply Depot, Medivac  
  65  6:54  Supply Depot  
  65  6:56  SCV x2  
  65  7:01  Combat Shields  
  67  7:06  Refinery  
  67  7:08  SCV x2  
  69  7:12  Liberator  
  69  7:19  Marauder x2  
  69  7:20  Marine x3, Marauder  
  69  7:21  Marine  
  79  7:25  SCV x2  
  81  7:44  Marine, Marauder x2  
  86  8:08  Supply Depot  
  86  8:12  Supply Depot  
  86  8:16  Liberator x2  
  86  8:30  Marine x2, Marauder x3  
  100  8:38  Supply Depot  
  100  8:39  Terran Infantry Armor Level 1  
  100  8:41  Supply Depot  
  100  8:52  Marauder  
  96  8:59  Liberator x2  
  80  9:05  Marine x3, Marauder x2  
  80  9:06  Marine  
  88  9:13  Marauder, SCV  
  88  9:14  SCV  
  98  9:26  SCV  
  99  9:32  Marine x2, Marauder x2  
  99  9:33  Marine x2  
  99  9:34  Marauder  
  109  9:50  Marine x3  
  112  9:54  Marauder x2  
  116  10:03  Marauder  
  118  10:12  Supply Depot  
  118  10:13  Marine x2, SCV x2  
  122  10:15  Marauder x2  
  124  10:34  Marine x3, Marauder  
  124  10:35  Marine  
  130  10:36  Marauder  
  130  10:37  Marauder  
  133  11:02  Marauder  
  134  11:07  Supply Depot  
  134  11:12  Supply Depot, Marine x4, Marauder x2  
  142  11:19  Medivac  
  142  11:20  Medivac  
  123  11:36  Marine x3, Marauder x3  
Show
View Real Time Build Order
Export as new Build Order

ThisGameSuck Protoss - Winner!

Build Orders: 1 Gate Expand, Blink Stalkers 

Get SALT Encoding   

  12  0:01  Probe (Chrono Boost)  
  13  0:11  Probe (Chrono Boost)  
  14  0:18  Pylon  
  14  0:22  Probe (Chrono Boost)  
  15  0:36  Probe (Chrono Boost)  
  15  0:37  Gateway  
  16  0:46  Probe (Chrono Boost)  
  16  0:48  Assimilator  
  18  0:57  Probe (Chrono Boost)  
  18  1:07  Probe (Chrono Boost)  
  19  1:19  Nexus  
  19  1:29  Cybernetics Core  
  19  1:32  Probe (Chrono Boost)  
  20  1:37  Assimilator  
  20  1:42  Probe (Chrono Boost)  
  21  1:47  Pylon  
  21  1:53  Probe (Chrono Boost)  
  22  2:06  Mothership Core (Chrono Boost)  
  24  2:11  Adept  
  26  2:17  Warp Gate (Chrono Boost)  
  26  2:24  Probe (Chrono Boost)  
  27  2:35  Probe (Chrono Boost)  
  27  2:37  Robotics Facility, Probe (Chrono Boost)  
  29  2:45  Probe (Chrono Boost)  
  29  2:47  Probe (Chrono Boost)  
  31  2:56  Probe (Chrono Boost)  
  31  2:57  Twilight Council  
  31  2:58  Probe (Chrono Boost)  
  33  3:06  Probe (Chrono Boost)  
  33  3:08  Probe (Chrono Boost)  
  35  3:13  Gateway  
  35  3:17  Probe  
  35  3:18  Gateway, Probe  
  37  3:22  Blink (Chrono Boost)  
  37  3:23  Observer (Chrono Boost)  
  38  3:29  Probe  
  38  3:30  Pylon  
  38  3:31  Probe  
  40  3:41  Probe (Chrono Boost)  
  40  3:43  Assimilator  
  40  3:47  Probe (Chrono Boost)  
  42  3:53  Probe  
  42  3:55  Pylon  
  43  3:59  Pylon, Probe  
  44  4:05  Probe  
  42  4:11  Probe  
  31  4:27  Stalker x2  
  31  4:29  Stalker  
  33  4:42  Probe  
  33  4:43  Probe  
  36  4:53  Observer  
  36  4:54  Probe  
  36  4:55  Probe  
  38  5:04  Stalker x2  
  38  5:06  Probe  
  43  5:07  Probe  
  44  5:17  Stalker  
  44  5:18  Probe  
  44  5:21  Probe  
  48  5:23  Pylon  
  48  5:41  Probe x2  
  50  5:48  Warp Prism (Chrono Boost)  
  50  5:54  Probe (Chrono Boost)  
  50  5:55  Probe (Chrono Boost)  
  54  6:05  Probe (Chrono Boost)  
  54  6:07  Probe (Chrono Boost)  
  56  6:13  Nexus  
  56  6:16  Probe (Chrono Boost)  
  57  6:20  Pylon  
  57  6:21  Probe (Chrono Boost)  
  58  6:26  Probe (Chrono Boost)  
  58  6:29  Observer  
  61  6:33  Probe (Chrono Boost)  
  61  6:34  Pylon  
  61  6:37  Pylon, Probe (Chrono Boost)  
  62  6:45  Probe (Chrono Boost)  
  63  6:53  Adept x3  
  69  6:55  Immortal, Probe (Chrono Boost)  
  69  6:57  Probe (Chrono Boost)  
  75  7:05  Probe (Chrono Boost)  
  75  7:07  Assimilator  
  77  7:09  Probe (Chrono Boost)  
  77  7:14  Sentry  
  80  7:23  Forge  
  80  7:24  Stalker x2  
  82  7:35  Probe x2 (Chrono Boost)  
  84  7:41  Resonating Glaives, Probe (Chrono Boost)  
  85  7:46  Forge, Probe (Chrono Boost)  
  85  7:48  Probe (Chrono Boost)  
  87  7:51  Probe (Chrono Boost)  
  87  7:56  Probe (Chrono Boost)  
  90  7:59  Probe (Chrono Boost)  
  90  8:01  Immortal  
  90  8:02  Probe (Chrono Boost)  
  90  8:05  Pylon  
  91  8:09  Probe  
  96  8:14  Probe x2  
  96  8:16  Pylon  
  96  8:17  Protoss Ground Armor Level 1 (Chrono Boost)  
  98  8:21  Gateway, Probe  
  98  8:23  Gateway  
  98  8:26  Pylon, Probe x2  
  101  8:29  Sentry, Pylon  
  101  8:32  Pylon  
  103  8:35  Immortal  
  103  8:41  Stalker x2  
  97  9:05  Stalker x3  
  97  9:06  Probe x2  
  97  9:09  Immortal  
  105  9:11  Probe  
  105  9:12  Gateway  
  105  9:13  Gateway x2  
  110  9:25  Probe x2  
  110  9:26  Protoss Ground Weapons Level 1 (Chrono Boost)  
  110  9:27  Assimilator  
  110  9:29  Assimilator  
  112  9:39  Stalker x5  
  122  9:52  Immortal  
  126  10:01  Pylon  
  126  10:07  Pylon, Stalker x3  
  126  10:11  Pylon  
  126  10:14  Stargate x2  
  132  10:24  Stalker x4  
  132  10:26  Immortal  
  126  10:34  Stalker  
  126  10:35  Stalker x2  
  136  10:36  Adept  
  138  10:47  Stalker  
  138  10:48  Stalker  
  138  10:49  Stalker x2  
  138  11:04  Void Ray x2  
  138  11:05  Zealot  
  148  11:12  Pylon  
  148  11:14  Pylon  
  148  11:17  Pylon  
  148  11:23  Adept  
  148  11:24  Adept x7  
  121  11:43  Stalker x3  
  121  11:44  Adept  
  121  11:45  Adept x4  
  105  12:03  Stalker  
  105  12:04  Stalker x2  
Tags
 
Add a new tag
Caveats
  • Supply blocks, unpowered buildings, or Contaminate may cause inaccurate times.
  • Supply counts are checked every 10 seconds.